 Dungeon Crawl Stone Soup version 0.28-a0-1389-gc726bef33b (webtiles) character file.

Game seed: 9714274662798022488

9596 willcat the Thrower (level 11, -1/86 HPs)
             Began as a Gnoll Wanderer on Jan 4, 2022.
             Was an Initiate of Gozag.
             Slain by a salamander (8 damage)
             ... on level 1 of the Lair of Beasts.
             The game lasted 00:18:55 (14619 turns).

willcat the Thrower (Gnoll Wanderer)               Turns: 14619, Time: 00:18:56

Health: -1/86      AC:  9    Str: 12    XL:     11   Next: 49%
Magic:  15/32      EV: 16    Int: 23    God:    Gozag
Gold:   1833       SH:  6    Dex: 21    Spells: 16/26 levels left

rFire   . . .      SeeInvis .   R - +6 shillelagh "Devastator" {shatter}
rCold   . . .      Faith    .   s - +0 buckler
rNeg    . . .      Spirit   .   t - +1 leather armour of Ygegrops {MP+9 Dex+5 Stlth+}
rPois   .          Reflect  .   (no helmet)
rElec   .          Harm     .   (no cloak)
rCorr   .          Rampage  .   C - +0 pair of gloves
Will    .....                   j - +2 pair of boots
Stlth   ++++......              (no amulet)
HPRegen 0.24/turn               z - +6 ring of dexterity
MPRegen 0.23/turn               B - +6 ring of intelligence

@: gold aura, very slightly contaminated, studying Throwing
A: fangs 1, strong nose, distributed training
a: Renounce Religion, Potion Petition, Call Merchant, Bribe Branch


You were on level 1 of the Lair of Beasts.
You worshipped Gozag.
Gozag was most pleased with you.
You visited 3 branches of the dungeon, and saw 12 of its levels.

You collected 1950 gold pieces.
You spent 67 gold pieces at shops.
You paid 50 gold pieces to Gozag.

Inventory:

Hand Weapons
 M - a +4 morningstar
 R - the +6 shillelagh "Devastator" (weapon) {shatter}
   (You found it on level 10 of the Dungeon)

   It releases a powerful concussive burst when it strikes, dealing extra damage
   to the target and all other foes adjacent to them.
Missiles
 v - a throwing net (quivered)
Armour
 j - a +2 pair of boots (worn)
 s - a +0 buckler (worn)
 t - the +1 leather armour of Ygegrops (worn) {MP+9 Dex+5 Stlth+}
   (You found it on level 4 of the Dungeon)

   Dex:       It affects your dexterity (+5).
   MP:        It affects your magic capacity (+9).
   Stlth:     It makes you more stealthy.
 C - a +0 pair of gloves (worn)
 I - an orb of guile
 P - an orb of wrath
Jewellery
 z - a +6 ring of dexterity (left hand)
 B - a +6 ring of intelligence (right hand)
 Q - a +6 ring of strength
Wands
 g - a wand of charming (6)
 o - a wand of acid (2)
 u - a wand of iceblast (17)
 E - a wand of flame (25)
Scrolls
 a - 4 scrolls of blinking {unknown}
 d - 12 scrolls of identify {unknown}
 h - 2 scrolls of amnesia {unknown}
 k - a scroll of acquirement {unknown}
 n - 2 scrolls of fear {unknown}
 p - 4 scrolls of enchant armour {unknown}
 r - a scroll of fog {unknown}
 x - 3 scrolls of enchant weapon {unknown}
 y - a scroll of summoning {unknown}
 A - 4 scrolls of noise {unknown}
 D - 4 scrolls of teleportation {unknown}
 H - a scroll of vulnerability {unknown}
 K - a scroll of silence {unknown}
 L - a scroll of immolation {unknown}
Potions
 b - a potion of flight {unknown}
 c - 4 potions of attraction
 e - 2 potions of magic {unknown}
 f - 8 potions of curing
 i - 2 potions of heal wounds {unknown}
 l - a potion of lignification {unknown}
 m - 7 potions of haste {unknown}
 q - 4 potions of mutation {unknown}
 w - a potion of brilliance {unknown}
 F - a potion of might {unknown}
 G - 3 potions of ambrosia {unknown}
 J - a potion of resistance {unknown}
 N - 2 potions of degeneration {unknown}
Miscellaneous
 O - a phantom mirror


   Skills:
 + Level 7.9 Fighting
 + Level 6.3 Short Blades
 + Level 6.3 Long Blades
 + Level 6.3 Axes
 + Level 6.3 Maces & Flails
 + Level 6.3 Polearms
 + Level 6.3 Staves
 + Level 6.3 Slings
 + Level 6.3 Bows
 + Level 6.3 Crossbows
 + Level 8.9 Throwing
 + Level 6.9 Armour
 + Level 6.3 Dodging
 + Level 6.3 Stealth
 + Level 6.3 Shields
 + Level 6.3 Unarmed Combat
 + Level 8.2 Spellcasting
 + Level 5.2 Conjurations
 + Level 5.2 Hexes
 + Level 7.7 Summonings
 + Level 5.2 Necromancy
 + Level 6.6 Translocations
 + Level 5.2 Transmutations
 + Level 5.2 Fire Magic
 + Level 5.2 Ice Magic
 + Level 5.2 Air Magic
 + Level 5.2 Earth Magic
 + Level 5.2 Poison Magic
 + Level 7.0 Invocations
 + Level 6.3 Evocations


You had 16 spell levels left.
You knew the following spells:

 Your Spells              Type           Power      Damage    Failure   Level
a - Call Imp              Summ           44%        N/A       1%          2
b - Sticky Flame          Conj/Fire      33%        2d5       10%         4
c - Olgreb's Toxic Radia  Pois           33%        N/A       10%         4

Your spell library contained the following spells:

 Spells                   Type           Power      Damage    Failure   Level
 Apportation              Tloc           78%        N/A       1%          1
 Beastly Appendage        Tmut           66%        N/A       1%          1
 Sting                    Tmut/Pois      100%       1d8       1%          1
 Summon Small Mammal      Summ           100%       N/A       1%          1
 Poisonous Vapours        Pois/Air       66%        N/A       1%          2
 Static Discharge         Conj/Air       33%        N/A       1%          2
 Wereblood                Tmut           33%        N/A       1%          2
 Lesser Beckoning         Tloc           39%        N/A       1%          3
 Conjure Flame            Conj/Fire      33%        6-21      3%          3
 Dazzling Flash           Conj/Hex       66%        N/A       3%          3
 Ignite Poison            Fire/Tmut/Pois 33%        N/A       3%          3
 Inner Flame              Hex/Fire       33%        N/A       3%          3
 Spider Form              Tmut/Pois      33%        N/A       3%          3
 Passage of Golubria      Tloc           39%        N/A       5%          4
 Summon Lightning Spire   Summ/Air       39%        N/A       6%          4
 Cause Fear               Hex            16%        N/A       10%         4
 Dispel Undead            Necr           33%        3d14      10%         4
 Agony                    Necr           33%        N/A       26%         5
 Alistair's Intoxication  Tmut/Pois      22%        N/A       26%         5
 Freezing Cloud           Conj/Ice/Air   16%        6-21      26%         5
 Silence                  Hex/Air        16%        N/A       26%         5
 Simulacrum               Ice/Necr       16%        N/A       83%         6
 Discord                  Hex            16%        N/A       100%        8
 Lehudib's Crystal Spear  Conj/Erth      16%        10d5      100%        8
 Polar Vortex             Ice            16%        N/A       100%        9


Dungeon Overview and Level Annotations

Branches:
Dungeon (10/15)            Temple (1/1) D:4            Lair (1/6) D:10
    Orc: D:9-12

Altars:
Ashenzari
Cheibriados
Dithmenos
Elyvilon
Gozag
Kikubaaqudgha
Makhleb
Okawaru
Trog
Vehumet
Xom
Zin
The Shining One

Shops:
D:5 ([

Annotations:
D:9 4 transporters
Lair:1 1 runed translucent door, Clumpoid's ghost, journeyman TrWn


Innate Abilities, Weirdness & Mutations

You have very sharp teeth.
Your uncanny sense of smell can sniff out nearby items.
Your experience applies equally to all skills.


Message History

The fire bat misses you. The salamander barely misses you.
Unknown command.
Unknown command.
Casting: Olgreb's Toxic Radiance (dangerous; 10% risk of failure)
Confirm with . or Enter, or press ? or * to list all spells.
You begin to radiate toxic energy.
The fire bat is poisoned.
The salamander looks even sicker.
The fire bat closely misses you. You block the salamander's attack.
Unknown command.
Unknown command.
Unknown command.
You thump the salamander!
The salamander and the fire bat shudder.
The salamander is severely wounded.
The fire bat is severely wounded.
The salamander is severely wounded.
Your toxic aura wanes.
You block the fire bat's attack. The salamander hits you!
You are engulfed in flames!
Unknown command.
You hit the salamander.
The salamander and the fire bat shudder.
The salamander is almost dead.
You kill the fire bat!
You bite the salamander, but do no damage.
The salamander is almost dead.
You block the salamander's attack.
Your Invocations skill increases to level 7!
Unknown command.
You hit the salamander but do no damage.
The salamander is almost dead.
The salamander hits you!
* * * LOW HITPOINT WARNING * * *
You are engulfed in flames!
* * * LOW HITPOINT WARNING * * *
Unknown command.
You feel better. The salamander hits you.
* * * LOW HITPOINT WARNING * * *
You are engulfed in flames!
You die...
Your body crumbles into a pile of gold.

..........P.......##...
...................##⌠##
P#.#...###......≈...###.
###.............≈.......
##............≈.......
#............≈≈....".
#..#.##......≈≈≈.....
##...###..............
#....###.....$@.......
#........≈≈≈...N$.....
#........≈≈≈...$.....§
#.........≈≈≈........≈§
##........≈≈≈........≈#
#........≈≈≈........§#
..........≈≈≈........≈≈
##.........≈≈≈........≈§
##................


You could see a salamander (poisoned).

Vanquished Creatures
  2 cane toads (Lair:1)
  A troll (D:10)
  A hornet (D:9)
  10 yaks
  A shadow (D:10)
  3 fire bats (Lair:1)
  A steam dragon (D:8)
  The ghost of ASSMAN the Slasher, an amateur DjGl (D:4)
  Edmund (D:5)
  An acid dragon (D:10)
  5 water moccasins
  The ghost of Clumpoid the Ruffian, an amateur TrMo (D:4)
  A sky beast (D:6)
  3 necrophages
  2 black bears (D:6)
  A hornet zombie (D:6)
  An ogre (D:6)
  27 wolves
  2 centaurs (D:10)
  A kobold brigand (D:9)
  A wyvern zombie (D:6)
  A scorpion (D:6)
  2 bullfrogs
  A gnoll sergeant (D:9)
  A water moccasin skeleton (D:5)
  A water moccasin zombie (D:5)
  11 wights
  4 killer bees (D:9)
  A howler monkey (D:5)
  A hound (D:6)
  2 centaur zombies
  A gnoll shaman (D:7)
  3 orc priests
  Terence (D:3)
  3 centaur skeletons (D:5)
  An iguana (D:6)
  7 orc wizards
  A killer bee zombie (D:7)
  3 howler monkey zombies
  10 gnolls
  5 adders
  An ufetubus (D:6)
  5 dart slugs
  22 orcs
  8 endoplasms
  3 giant cockroaches
  7 goblins
  5 hobgoblins
  9 kobolds
  3 quokkas
  4 ball pythons
  5 bats
  7 frilled lizards
  7 rats
213 creatures vanquished.

Vanquished Creatures (collateral kills)
  Prince Ribbit (D:5)
  A yak (D:6)
  An ogre (D:4)
  A gnoll shaman (D:4)
  An iguana (D:5)
  2 adders
  A gnoll (D:4)
  A worm (D:4)
  5 orcs
  An endoplasm (D:1)
  A giant cockroach (D:1)
  2 goblins
  A hobgoblin (D:2)
  A bat (D:3)
  2 rats
22 creatures vanquished.

Vanquished Creatures (others)
  3 demonic plants (D:1)
  A fungus (Lair:1)
  2 plants (Lair:1)
  6 withered plants (D:4)
12 creatures vanquished.

Grand Total: 247 creatures vanquished

Notes
Turn   | Place    | Note
-------+----------+-------------------------------------------
     0 | D:1      | willcat the Gnoll Wanderer began the quest for the Orb.
     0 | D:1      | willcat set off with the following items: a +0 club, a +0
                  | robe, a potion of attraction; and the following spells
                  | available to memorise: Summon Small Mammal, Call Imp,
                  | Apportation, Lesser Beckoning, Summon Lightning Spire
     0 | D:1      | Reached XP level 1. HP: 20/20 MP: 6/6
   289 | D:2      | Reached XP level 2. HP: 12/26 MP: 7/7
   509 | D:2      | Learned a level 2 spell: Call Imp
  1306 | D:2      | Reached skill level 5 in Spellcasting
  1306 | D:2      | Reached XP level 3. HP: 7/31 MP: 5/9
  2048 | D:1      | Reached skill level 1 in Invocations
  2159 | D:1      | Found a faded altar of an unknown god.
  2432 | D:1      | Reached skill level 1 in Short Blades
  2432 | D:1      | Reached skill level 1 in Long Blades
  2432 | D:1      | Reached skill level 1 in Axes
  2432 | D:1      | Reached skill level 1 in Maces & Flails
  2432 | D:1      | Reached skill level 1 in Polearms
  2432 | D:1      | Reached skill level 1 in Staves
  2432 | D:1      | Reached skill level 1 in Slings
  2432 | D:1      | Reached skill level 1 in Bows
  2432 | D:1      | Reached skill level 1 in Crossbows
  2432 | D:1      | Reached skill level 1 in Throwing
  2432 | D:1      | Reached skill level 1 in Dodging
  2432 | D:1      | Reached skill level 1 in Stealth
  2432 | D:1      | Reached skill level 1 in Shields
  2432 | D:1      | Reached skill level 1 in Unarmed Combat
  2432 | D:1      | Reached skill level 1 in Evocations
  2797 | D:1      | Reached XP level 4. HP: 33/38 MP: 11/11
  3259 | D:3      | Found a glowing silver altar of Zin.
  3468 | D:3      | Reached skill level 1 in Conjurations
  3468 | D:3      | Reached skill level 1 in Hexes
  3468 | D:3      | Reached skill level 1 in Necromancy
  3468 | D:3      | Reached skill level 1 in Transmutations
  3468 | D:3      | Reached skill level 1 in Fire Magic
  3468 | D:3      | Reached skill level 1 in Ice Magic
  3468 | D:3      | Reached skill level 1 in Air Magic
  3468 | D:3      | Reached skill level 1 in Earth Magic
  3468 | D:3      | Reached skill level 1 in Poison Magic
  4138 | D:4      | Found a staircase to the Ecumenical Temple.
  4148 | Temple   | Entered the Ecumenical Temple
  4244 | Temple   | Became a worshipper of Gozag Ym Sagoz the Greedy
  4464 | D:3      | Found a burning altar of Makhleb.
  4466 | D:3      | Found a faded altar of an unknown god.
  4572 | D:4      | Noticed an ogre
  4775 | D:4      | Killed an ogre
  4776 | D:4      | Reached XP level 5. HP: 35/43 MP: 3/12
  4887 | D:4      | Found a runed translucent gate.
  4888 | D:4      | Found a runed translucent gate.
  4889 | D:4      | Found a runed translucent gate.
  4890 | D:4      | Noticed ASSMAN's ghost (amateur DjGl)
  4890 | D:4      | Noticed Clumpoid's ghost (amateur TrMo)
  5037 | D:4      | Reached XP level 6. HP: 43/50 MP: 5/13
  5526 | D:4      | Identified the +1 leather armour of Ygegrops {MP+9 Dex+5
                  | Stlth+}
  5769 | D:3      | Reached skill level 5 in Fighting
  5847 | D:3      | Noticed Terence
  5867 | D:3      | Killed Terence
  6394 | D:5      | Entered Level 5 of the Dungeon
  6453 | D:5      | Reached XP level 7. HP: 47/56 MP: 15/15
  6732 | D:5      | Noticed Prince Ribbit
  6754 | D:5      | Killed Prince Ribbit
  6809 | D:5      | Found Lohotoxi's Armour Shoppe.
  6824 | D:5      | Bought a +0 pair of gloves for 67 gold pieces
  6888 | D:5      | Noticed Edmund
  6917 | D:5      | Killed Edmund
  6918 | D:5      | Reached XP level 8. HP: 25/63 MP: 16/16
  7365 | D:5      | Found Toonah's Weapon Emporium.
  7671 | D:4      | Killed Clumpoid's ghost
  7672 | D:4      | Killed ASSMAN's ghost
  8496 | D:6      | Learned a level 4 spell: Sticky Flame
  8597 | D:6      | Noticed a yak
  8597 | D:6      | Noticed a yak
  8598 | D:6      | Noticed a yak
  8599 | D:6      | Noticed a yak
  8686 | D:6      | Reached skill level 5 in Throwing
  8713 | D:6      | Reached skill level 5 in Translocations
  8713 | D:6      | Reached XP level 9. HP: 30/69 MP: 18/18
  9077 | D:6      | Reached skill level 5 in Armour
  9747 | D:7      | Reached skill level 5 in Invocations
 10756 | D:8      | Learned a level 4 spell: Olgreb's Toxic Radiance
 10871 | D:8      | Reached XP level 10. HP: 23/77 MP: 20/20
 11206 | D:8      | Found a snail-covered altar of Cheibriados.
 11407 | D:9      | Found a transporter.
 11440 | D:9      | Found a transporter.
 11440 | D:9      | Found a transporter.
 11445 | D:9      | Found a transporter.
 11462 | D:9      | Reached skill level 5 in Short Blades
 11462 | D:9      | Reached skill level 5 in Long Blades
 11462 | D:9      | Reached skill level 5 in Axes
 11462 | D:9      | Reached skill level 5 in Maces & Flails
 11462 | D:9      | Reached skill level 5 in Polearms
 11462 | D:9      | Reached skill level 5 in Staves
 11462 | D:9      | Reached skill level 5 in Slings
 11462 | D:9      | Reached skill level 5 in Bows
 11462 | D:9      | Reached skill level 5 in Crossbows
 11462 | D:9      | Reached skill level 5 in Dodging
 11462 | D:9      | Reached skill level 5 in Stealth
 11462 | D:9      | Reached skill level 5 in Shields
 11462 | D:9      | Reached skill level 5 in Unarmed Combat
 11462 | D:9      | Reached skill level 5 in Evocations
 12663 | D:9      | Found a transporter.
 12666 | D:9      | Found a transporter.
 12831 | D:10     | Entered Level 10 of the Dungeon
 12840 | D:10     | Found a staircase to the Lair.
 13300 | D:10     | Found a bloodstained altar of Trog.
 13418 | D:10     | Found the +6 shillelagh "Devastator" {shatter}
 13805 | Lair:1   | Entered Level 1 of the Lair of Beasts
 13863 | D:10     | Reached XP level 11. HP: 57/84 MP: 22/22
 14012 | D:10     | Reached skill level 5 in Conjurations
 14012 | D:10     | Reached skill level 5 in Hexes
 14012 | D:10     | Reached skill level 5 in Necromancy
 14012 | D:10     | Reached skill level 5 in Transmutations
 14012 | D:10     | Reached skill level 5 in Fire Magic
 14012 | D:10     | Reached skill level 5 in Ice Magic
 14012 | D:10     | Reached skill level 5 in Air Magic
 14012 | D:10     | Reached skill level 5 in Earth Magic
 14012 | D:10     | Reached skill level 5 in Poison Magic
 14598 | Lair:1   | Noticed a salamander
 14606 | Lair:1   | Found a runed translucent door.
 14606 | Lair:1   | Noticed Clumpoid's ghost (journeyman TrWn)
 14618 | Lair:1   | HP: 4/86 [salamander (15)]
 14619 | Lair:1   | Slain by a salamander

Illustrated notes

Levels and vault maps discovered:
D:1:      evilmike_arrival_plus, layout_basic, shapermc_ecumenical_altar_gd,
          amcnicky_mini_pool_small, minmay_tromino_v4_a
D:2:      layout_loops_ring, palyth_stone_intersect, solitary_fountain
D:3:      layout_basic, nicolae_overflow_ecumenical_swirl,
          mainiacjoe_overflow_alcove_1, uniq_terence
D:4:      layout_basic, temple_fountains, gammafunk_ghost_cemetery
D:5:      layout_cave_pods, serial_shops, nicolae_shop_behind_doors, shop,
          uniq_prince_ribbit1, uniq_edmund
D:6:      layout_basic, serial_park_tiny_1
D:7:      layout_loops_ring
D:8:      layout_rooms, mainiacjoe_overflow_surrounded_room
D:9:      layout_big_octagon, serial_nicolae_subway,
          nicolae_sub_station_crystal, nicolae_sub_station_metal,
          nicolae_sub_station_stone
D:10:     layout_loops_ring, mainiacjoe_overflow_tiny_flanked, lair_entry_dummy
Temple:   dpeg_five_rooms_temple
Lair:1:   layout_gridlike, nicolae_volcano_entry_batcave,
          hellmonk_ghost_happy_afterlife, grunt_forest_large_clearings

Skill      XL: |  1  2  3  4  5  6  7  8  9 10 11 |
---------------+----------------------------------+-----
Spellcasting   | 5 6 7 8 |  8.2
Invocations    | 1 2 3 4 5 6 7 |  7.0
Short Blades   | 1 2 3 4 5 6 |  6.3
Long Blades    | 1 2 3 4 5 6 |  6.3
Axes           | 1 2 3 4 5 6 |  6.3
Maces & Flails | 1 2 3 4 5 6 |  6.3
Polearms       | 1 2 3 4 5 6 |  6.3
Staves         | 1 2 3 4 5 6 |  6.3
Slings         | 1 2 3 4 5 6 |  6.3
Bows           | 1 2 3 4 5 6 |  6.3
Crossbows      | 1 2 3 4 5 6 |  6.3
Throwing       | 1 2 3 5 6 8 |  8.9
Dodging        | 1 2 3 4 5 6 |  6.3
Stealth        | 1 2 3 4 5 6 |  6.3
Shields        | 1 2 3 4 5 6 |  6.3
Unarmed Combat | 1 2 3 4 5 6 |  6.3
Evocations     | 1 2 3 4 5 6 |  6.3
Conjurations   | 1 2 3 4 5 |  5.2
Hexes          | 1 2 3 4 5 |  5.2
Necromancy     | 1 2 3 4 5 |  5.2
Transmutations | 1 2 3 4 5 |  5.2
Fire Magic     | 1 2 3 4 5 |  5.2
Ice Magic      | 1 2 3 4 5 |  5.2
Air Magic      | 1 2 3 4 5 |  5.2
Earth Magic    | 1 2 3 4 5 |  5.2
Poison Magic   | 1 2 3 4 5 |  5.2
Armour         | 3 4 5 6 |  6.9
Translocations | 4 5 6 |  6.6
Fighting       | 5 6 7 |  7.9
Summonings     | 6 7 |  7.7

Action                   |  1- 3 |  4- 6 |  7- 9 | 10-12 || total
-------------------------+-------+-------+-------+-------++-------
Melee: Club              |    32 |       |       |       ||    32
       Bite              |    20 |     9 |    52 |    15 ||    96
       Dagger            |   151 |     2 |       |       ||   153
       Punch             |     1 |       |     6 |       ||     7
       Trident           |       |    81 |       |       ||    81
       Short sword       |       |     3 |       |       ||     3
       Spear             |       |    59 |   307 |    57 ||   423
       Morningstar       |       |       |       |    22 ||    22
       Shillelagh        |       |       |       |    48 ||    48
 Cast: Call Imp          |    10 |    34 |    15 |       ||    59
       Sticky Flame      |       |       |    24 |    27 ||    51
       Olgreb's Toxic Ra |       |       |       |    22 ||    22
Evoke: Wand              |       |     3 |     5 |     3 ||    11
  Use: Potion            |       |       |       |     2 ||     2
 Stab: Distracted        |     1 |     2 |     2 |       ||     5
       Sleeping          |       |     8 |     8 |     4 ||    20
Armor: Robe              |    62 |    33 |       |       ||    95
       Leather armour    |       |     8 |    88 |    54 ||   150
Dodge: Dodged            |   102 |    97 |   169 |   142 ||   510
Block: Buckler           |       |       |       |    51 ||    51

Table legend: (Time is in decaauts)
 A = Elapsed time spent in this place.
 B = Non-inter-level travel time spent in this place.
 C = Inter-level travel time spent in this place.
 D = Time resting spent in this place.
 E = Time spent auto-exploring this place.
 F = Levels seen in this place.
 G = Mean time per level.
                   A        B        C        D        E       F      G
               +--------+--------+--------+--------+--------+-----+--------+
         Total |  14624 |  14011 |    613 |   2017 |   8987 |  12 | 1218.7 |
       Dungeon |  14033 |  13473 |    560 |   1995 |   8604 |  10 | 1403.3 |
        Temple |    125 |     72 |     53 |      0 |     66 |   1 |  125.0 |
          Lair |    465 |    465 |      0 |     22 |    317 |   1 |  465.0 |
               +--------+--------+--------+--------+--------+-----+--------+

Top non-repeatable levels by time:
     D:4: 2050 daAuts
     D:2: 2027 daAuts
     D:6: 1700 daAuts
     D:9: 1444 daAuts
    D:10: 1329 daAuts
     D:3: 1295 daAuts
     D:5: 1178 daAuts
     D:1: 1173 daAuts
     D:7: 1138 daAuts
     D:8: 695 daAuts
  Lair:1: 465 daAuts
  Temple: 125 daAuts
